 Dungeon Crawl Stone Soup version 0.31-a0-1-g4198be8af4 (webtiles) character file.

Game seed: 317411773000499249

15622 Lavandula the Black Sun (level 12, -5/92 HPs)
             Began as a Mummy Venom Mage on May 3, 2023.
             Was a High Priest of Kikubaaqudgha.
             Slain by a minotaur
             ... wielding a +2 scimitar of holy wrath
              (6 damage)
             ... in a Gauntlet.
             The game lasted 00:33:49 (14287 turns).

Lavandula the Black Sun (Mummy Venom Mage)         Turns: 14287, Time: 00:33:56

Health: -5/92      AC: 10    Str: 11    XL:     12   Next: 2%
Magic:  0/34       EV: 11    Int: 25    God:    Kikubaaqudgha [*****.]
Gold:   874        SH:  0    Dex: 18    Spells: 1/29 levels left

rFire   x . .        B - staff of poison
rCold   + . .        i - orb {light}
rNeg    + + +        U - +0 troll leather armour
rPois   ∞            H - +0 helmet
rElec   .            f - +1 cloak
rCorr   .            P - +2 pair of gloves of Tinatemn {rPois Dex+5}
SInv    .            (no boots)
Will    +....        (no amulet)
Stlth   +            j - ring of magical power
HPRegen 1.15/turn    l - +6 ring of intelligence
MPRegen 0.24/turn

%: no teleportation, faith
@: glowing
A: cold resistance 1, negative energy resistance 3, torment resistance 2, heat
vulnerability 1, in touch with death 1, no potions, faith
a: Renounce Religion, Unearth Wretches, Torment


You were in a Gauntlet.
You worshipped Kikubaaqudgha.
Kikubaaqudgha was extremely pleased with you.
You visited 2 branches of the dungeon, and saw 13 of its levels.
You also visited: Gauntlet.

You collected 874 gold pieces.

Inventory:

Hand Weapons
 c - a +0 dagger
 d - a +4 great sword
 m - a +1 falchion of holy wrath
 x - a +2 long sword
 z - a +4 falchion
Missiles
 g - 3 silver javelins (quivered)
 r - a throwing net
 N - 4 javelins
 S - a curare-tipped dart
Armour
 f - a +1 cloak (worn)
 i - an orb of light (worn)
 w - a +0 robe of willpower
 D - +0 shadow dragon scales
 H - a +0 helmet (worn)
 I - a +1 hat
 P - the +2 pair of gloves of Tinatemn (worn) {rPois Dex+5}
   (You found it in a Gauntlet)

   Dex:       It affects your dexterity (+5).
   rPois:     It protects you from poison.
 U - a +0 troll leather armour (worn)
Magical Staves
 A - a staff of earth
 B - a staff of poison (weapon)
 C - a staff of conjuration
Jewellery
 a - a ring of protection from fire
 j - a ring of magical power (left hand)
 l - a +6 ring of intelligence (right hand)
 n - a +5 ring of evasion
 y - a ring of resist corrosion
 K - a ring of protection from fire
Wands
 p - a wand of flame (30)
 v - a wand of mindburst (11)
 E - a wand of roots (5)
 F - a wand of paralysis (2)
 J - a wand of digging (3)
Scrolls
 b - 2 scrolls of fear
 e - 9 scrolls of teleportation
 h - 2 scrolls of fog {unknown}
 k - 2 scrolls of enchant weapon
 o - 2 scrolls of brand weapon {unknown}
 q - a scroll of blinking
 t - 2 scrolls of immolation
 u - 3 scrolls of noise {unknown}
 G - a scroll of vulnerability
 L - a scroll of silence
 M - a scroll of acquirement {unknown}
 O - a scroll of poison {unknown}
 Q - a scroll of summoning


   Skills:
 - Level 7.9 Fighting
 - Level 1.5 Dodging
 - Level 1.5 Stealth
 - Level 9.0 Spellcasting
 - Level 4.0 Hexes
 + Level 11.9 Necromancy
 - Level 3.0 Translocations
 - Level 0.7 Transmutations
 - Level 5.0 Air Magic
 - Level 7.0 Poison Magic


You had one spell level left.
You knew the following spells:

 Your Spells              Type           Power      Damage    Failure   Level
a - Blink                 Tloc           52%        N/A       3%          2
b - Anguish               Hex/Necr       33%        N/A       2%          4
c - Mephitic Cloud        Conj/Pois/Air  47%        N/A       4%          3
d - Olgreb's Toxic Radia  Pois           63%        N/A       3%          4
e - Shock                 Conj/Air       92%        1d8       2%          1
f - Airstrike             Air            18%        2d(3-19)  9%          4
g - Animate Dead          Necr           82%        N/A       1%          4
h - Swiftness             Air            36%        N/A       2%          3
i - Vampiric Draining     Necr           82%        2d11      1%          3

Your spell library contained the following spells:

 Spells                   Type           Power      Damage    Failure   Level
 Kiss of Death            Conj/Necr      100%       2d13      1%          1
 Necrotise                Necr           100%       1d9       1%          1
 Sting                    Tmut/Pois      100%       1d8       1%          1
 Summon Small Mammal      Summ           44%        N/A       7%          1
 Poisonous Vapours        Pois/Air       100%       N/A       1%          2
 Agony                    Necr           82%        N/A       1%          5
 Lesser Beckoning         Tloc           52%        N/A       3%          2
 Gell's Gravitas          Tloc           26%        N/A       6%          3
 Teleport Other           Tloc           26%        N/A       6%          3
 Death Channel            Necr           41%        N/A       9%          6
 Summon Guardian Golem    Hex/Summ       21%        N/A       10%         3
 Manifold Assault         Tloc           26%        N/A       21%         4
 Call Canine Familiar     Summ           11%        N/A       22%         3
 Simulacrum               Ice/Necr       28%        N/A       67%         6
 Dispersal                Tloc           13%        N/A       97%         6
 Storm Form               Tmut/Air       Unusable   N/A       N/A         7

Dungeon Overview and Level Annotations

Branches:
Dungeon (12/15)            Temple (1/1) D:5            Lair (0/5) D:10
    Orc (0/2) D:11        Gauntlet (1/1)

Altars:
Ashenzari
Cheibriados
Gozag
Hepliaklqana
Kikubaaqudgha
Makhleb
Nemelex Xobeh
Okawaru
Qazlal
Ru
Sif Muna
Trog
Uskayaw
Vehumet
Wu Jian
Xom

Annotations:
D:12 Fannar Gauntlet 6 transporters


Innate Abilities, Weirdness & Mutations

You are immune to poison.
Your flesh is cold resistant. (rC+)
You are immune to negative energy. (rN+++)
You are immune to unholy pain and torment.
You are vulnerable to heat. (rF-)
You are in touch with the powers of death.
You do not drink.
You have a special connection with the divine. (Faith)


Message History

The minotaur is almost dead.
The minotaur seems less confused.
The minotaur is engulfed in noxious fumes.
The minotaur hits you with a +2 scimitar of holy wrath.
You convulse.
The minotaur gores you!
Unknown command.
You hit the minotaur but do no damage.
The minotaur is almost dead.
The minotaur barely misses you. x2
Unknown command.
Okay, then.
Unknown command.
The minotaur attacks as you move away!
The minotaur hits you with a +2 scimitar of holy wrath!!
You convulse.
The minotaur gores you but does no damage.
Unknown command.
Casting: Mephitic Cloud (mildly dangerous; 4% risk of failure)
Confirm with . or Enter, or press ? or * to list all spells.
Aiming: Mephitic Cloud (mildly dangerous; 4% risk of failure)
Press: ? - help, Shift-Dir - straight line, f/p - minotaur
Aim: a minotaur, wielding a +2 scimitar of holy wrath, wearing a +2 chain mail of cold resistance and quivering javelins (almost dead, very poisoned, haloed, chance to affect: 34%)
You feel a surge of power!
The ball explodes into a vile cloud!
The stinking cloud engulfs the minotaur but does no damage.
The minotaur is almost dead.
The stinking cloud engulfs you but does no damage.
The minotaur is engulfed in noxious fumes.
The minotaur hits you with a +2 scimitar of holy wrath!!
* * * LOW HITPOINT WARNING * * *
You convulse.
* * * LOW HITPOINT WARNING * * *
The minotaur closely misses you.
As you read the scroll of fear, it crumbles to dust.
You assume a fearsome visage.
The minotaur resists with some effort.
The minotaur is engulfed in noxious fumes.
The minotaur hits you with a +2 scimitar of holy wrath!!
* * * LOW HITPOINT WARNING * * *
You convulse.
You die...
Kikubaaqudgha rasps: "You have failed me!
Welcome... oblivion!"

#######...#..#©.##
#....##.8.#..#.#^.
#.##.##...#..#!#..
#.##....8.#..#..##
###.##.##...#..#..s. #≈
#.#....##...#..#####
#≈≈.#°#○##.##.©.#≈......
#≈∩..☼H○##Z.....#∩......
#≈≈.#.#@##.##.©.#§......
#≈ #.#....##...#..#####
###.##.##...#..##...
#.##....8.#..#.#..
#.##.##...#..#[.#.
#....##.8.#..#...# #####
#...#..#©...
#≈8≈#..#...#
#####..#..#.


You could see a minotaur (poisoned).

Vanquished Creatures
  3 two-headed ogres
  2 boulder beetles
  Urug (D:10)
  Lodul (D:11)
  A deep elf pyromancer (D:11)
  A rime drake (D:10)
  2 kobold demonologists (D:11)
  A troll (D:11)
  2 meliai (Gauntlet)
  3 hornets
  2 dream sheep (D:11)
  A wraith (D:9)
  A wyvern (D:7)
  Sigmund (D:4)
  5 shadows
  Eustachio (D:6)
  6 yaks
  A steam dragon (D:9)
  An acid dragon (D:11)
  Duvessa (D:7)
  An orc warrior (D:11)
  4 sky beasts
  3 ice beasts (D:10)
  A black bear (D:6)
  4 wolves (D:10)
  A centaur (D:10)
  12 ogres
  3 phantoms
  4 kobold brigands
  4 bullfrogs
  A gnoll sergeant (D:11)
  2 scorpions
  10 wights
  Dowan (D:7)
  12 killer bees
  3 howler monkeys
  3 gnoll boudas
  3 hounds
  3 jellies
  4 orc priests
  An iron imp (D:6)
  4 iguanas
  11 orc wizards
  5 adders
  15 gnolls
  A shadow imp (D:5)
  A white imp (D:8)
  3 ufetubi
  3 worms
  A dart slug (D:2)
  37 orcs
  A bat (D:2)
  5 endoplasms
  12 giant cockroaches
  3 goblins
  6 hobgoblins
  8 jackals
  19 kobolds
  3 quokkas
  7 ball pythons
  7 frilled lizards
  7 rats
276 creatures vanquished.

Vanquished Creatures (collateral kills)
  A meliai (Gauntlet)
  A yak (D:11)
  Menkaure (D:7)
  An ogre (D:11)
  A bullfrog (D:7)
  2 wights (D:7)
  A killer bee (D:8)
  A jelly (D:7)
  An orc (D:11)
10 creatures vanquished.

Vanquished Creatures (others)
  3 meliai zombies (Gauntlet)
  A hornet zombie (D:9)
  A bullfrog zombie (D:7)
  2 kobold zombies (D:11)
  A steam dragon zombie (D:9)
  6 gnoll zombies (D:11)
  2 jelly zombies (D:7)
  11 orc zombies
  5 fungi (Gauntlet)
  12 plants (Gauntlet)
44 creatures vanquished.

Grand Total: 330 creatures vanquished

Notes
Turn   | Place    | Note
-------+----------+-------------------------------------------
     0 | D:1      | Lavandula the Mummy Venom Mage began the quest for the Orb.
     0 | D:1      | Reached XP level 1. HP: 13/13 MP: 4/4
   242 | D:1      | Reached XP level 2. HP: 19/19 MP: 1/5
  1418 | D:2      | Gained mutation: You are in touch with the powers of death.
                  | [Mummy growth]
  1418 | D:2      | Reached XP level 3. HP: 24/24 MP: 4/7
  1421 | D:2      | Learned a level 2 spell: Poisonous Vapours
  1425 | D:2      | Learned a level 3 spell: Mephitic Cloud
  2197 | D:3      | Reached XP level 4. HP: 29/30 MP: 10/10
  2202 | D:3      | Learned a level 4 spell: Olgreb's Toxic Radiance
  2583 | D:3      | Found an iron altar of Okawaru.
  3337 | D:4      | Reached XP level 5. HP: 29/35 MP: 11/11
  3396 | D:4      | Found a bloodstained altar of Trog.
  3836 | D:4      | Noticed Sigmund
  3844 | D:4      | Killed Sigmund
  3845 | D:4      | Reached skill level 5 in Poison Magic
  3845 | D:4      | Reached XP level 6. HP: 28/41 MP: 12/12
  4288 | D:5      | Entered Level 5 of the Dungeon
  4295 | D:5      | Reached XP level 7. HP: 46/46 MP: 13/13
  4412 | D:5      | Found a staircase to the Ecumenical Temple.
  4475 | Temple   | Entered the Ecumenical Temple
  4526 | Temple   | Became a worshipper of Kikubaaqudgha
  4808 | D:4      | Learned a level 1 spell: Shock
  4880 | D:5      | Reached skill level 1 in Air Magic
  5467 | D:5      | Reached XP level 8. HP: 52/52 MP: 14/14
  5470 | D:5      | Reached skill level 5 in Spellcasting
  5475 | D:5      | Learned a level 4 spell: Airstrike
  6239 | D:6      | Reached * piety under Kikubaaqudgha
  6239 | D:6      | Received a gift from Kikubaaqudgha
  6353 | D:6      | Reached skill level 5 in Air Magic
  6459 | D:6      | Found a radiant altar of Vehumet.
  6508 | D:6      | Learned a level 4 spell: Animate Dead
  6650 | D:6      | Noticed a +0 hand axe
  6651 | D:6      | Found a hide-covered altar of Uskayaw.
  6652 | D:6      | Noticed a +0 hand axe
  6911 | D:6      | Noticed Eustachio
  6926 | D:6      | Killed Eustachio
  6927 | D:6      | Reached XP level 9. HP: 49/57 MP: 10/20
  7023 | D:6      | Found a snail-covered altar of Cheibriados.
  7053 | D:6      | Learned a level 3 spell: Swiftness
  7515 | D:7      | Noticed Duvessa
  7517 | D:7      | Killed Duvessa
  7518 | D:7      | Noticed Dowan
  7522 | D:7      | Noticed Menkaure
  7524 | D:7      | Killed Dowan
  7525 | D:7      | Reached skill level 1 in Necromancy
  7562 | D:7      | Reached skill level 2 in Necromancy
  7751 | D:7      | Reached skill level 3 in Necromancy
  7797 | D:7      | Learned a level 3 spell: Vampiric Draining
  7874 | D:7      | Reached ** piety under Kikubaaqudgha
  7875 | D:7      | Reached skill level 4 in Necromancy
  7884 | D:7      | Reached skill level 5 in Necromancy
  7924 | D:7      | Reached skill level 6 in Necromancy
  7952 | D:7      | Killed Menkaure
  8094 | D:7      | Identified the +2 robe of the Dice {Str+3 Int+3}
  8296 | D:7      | Reached skill level 7 in Necromancy
  9083 | D:8      | Reached XP level 10. HP: 63/63 MP: 19/23
  9302 | D:8      | Reached skill level 1 in Fighting
  9598 | D:9      | Reached *** piety under Kikubaaqudgha
  9598 | D:9      | Received a gift from Kikubaaqudgha
 10109 | D:9      | Reached skill level 5 in Fighting
 10368 | D:9      | Noticed a boulder beetle
 10376 | D:9      | Killed a boulder beetle
 10786 | D:10     | Entered Level 10 of the Dungeon
 10789 | D:10     | Found a shimmering blue altar of Sif Muna.
 11085 | D:10     | Learned a level 4 spell: Anguish
 11241 | D:10     | Noticed Urug
 11249 | D:10     | Killed Urug
 11250 | D:10     | Reached skill level 8 in Necromancy
 11338 | D:10     | Found a sparkling altar of Nemelex Xobeh.
 11355 | D:10     | Noticed a boulder beetle
 11370 | D:10     | Killed a boulder beetle
 11371 | D:10     | Reached skill level 9 in Necromancy
 11371 | D:10     | Reached XP level 11. HP: 83/86 MP: 9/24
 11481 | D:10     | Found a staircase to the Lair.
 11498 | D:10     | Reached skill level 1 in Hexes
 11777 | D:10     | Reached **** piety under Kikubaaqudgha
 11972 | D:10     | Learned a level 2 spell: Blink
 12142 | D:11     | Noticed a two-headed ogre
 12145 | D:11     | Reached skill level 1 in Translocations
 12151 | D:11     | Killed a two-headed ogre
 12188 | D:11     | Noticed a deep elf pyromancer
 12194 | D:11     | Killed a deep elf pyromancer
 12416 | D:11     | Found a staircase to the Orcish Mines.
 12619 | D:11     | Noticed a two-headed ogre
 12635 | D:11     | Killed a two-headed ogre
 12639 | D:11     | Reached ***** piety under Kikubaaqudgha
 12640 | D:11     | Reached skill level 10 in Necromancy
 12925 | D:11     | Noticed Lodul
 12941 | D:11     | Killed Lodul
 13199 | D:11     | Reached skill level 11 in Necromancy
 13768 | D:12     | Noticed a two-headed ogre
 13776 | D:12     | Killed a two-headed ogre
 13792 | D:12     | Noticed Fannar
 13795 | D:12     | Found a gate leading to a gauntlet.
 13801 | Gauntlet | Entered a Gauntlet
 13801 | Gauntlet | Found a transporter.
 13801 | Gauntlet | Found a transporter.
 13801 | Gauntlet | Found a transporter.
 13828 | Gauntlet | Found a transporter.
 13838 | Gauntlet | Found a transporter.
 13842 | Gauntlet | Found a transporter.
 13845 | Gauntlet | Noticed an entropy weaver
 13852 | Gauntlet | Found a transporter.
 13855 | Gauntlet | Noticed a wolf spider
 13873 | Gauntlet | Found a transporter.
 13890 | Gauntlet | Found a transporter.
 13894 | Gauntlet | Found a transporter.
 13905 | Gauntlet | Noticed a wizard
 13906 | Gauntlet | Found a transporter.
 13908 | Gauntlet | Found a transporter.
 14179 | Gauntlet | Reached XP level 12. HP: 62/92 MP: 15/25
 14192 | Gauntlet | Identified the +2 pair of gloves of Tinatemn {rPois Dex+5}
 14271 | Gauntlet | Noticed a minotaur
 14287 | Gauntlet | HP: 1/92 [minotaur/+2 scimitar of holy wrath (21)]
 14287 | Gauntlet | Slain by a minotaur

Illustrated notes

Levels and vault maps discovered:
D:1:      scummos_arrival_star, layout_loops_corners, st_stairs_1,
          serial_park_tiny_1
D:2:      layout_rooms, grunt_ministairs_7
D:3:      minmay_roachtagon, layout_basic, okawaru_ov_weapons_minmay
D:4:      layout_loops_corners, lemuel_crystal_altar, uniq_sigmund
D:5:      layout_basic, minmay_temple_entry_overgrown
D:6:      layout_basic, dancing_weapons_uskayaw, chei_slow_surprise,
          vehumet_crystals, uniq_eustachio
D:7:      layout_cave_pools, minmay_fractal_squares_diagonal_5, uniq_duvessa,
          uniq_menkaure
D:8:      layout_basic
D:9:      layout_basic, grunt_ministairs_7, nzn_sisyphean_effort
D:10:     layout_cave_pods, general_overflow_altar, led_sif_book,
          hellmonk_lair_entry_icy, uniq_urug
D:11:     layout_loops_ring, minmay_orc_entry_temple_small,
          dreamdust_gnoll_shepherd, uniq_lodul
D:12:     layout_loops_cross, gauntlet_entry_generic, serial_shops,
          kennysheep_mini_moat, uniq_josephine, uniq_fannar
Temple:   regret_index_temple_waves
Gauntlet: gammafunk_gauntlet_hard_choice [nicolae_gauntlet_arena_t_cross,
          gammafunk_gauntlet_arena_chambers, gammafunk_gauntlet_arena_hedges,
          gammafunk_gauntlet_arena_corners, nicolae_gauntlet_arena_quarters,
          nicolae_gauntlet_arena_x, gauntlet_exit_watery]

Skill      XL: |  1  2  3  4  5  6  7  8  9 10 11 |
---------------+----------------------------------+-----
Spellcasting   | 3 4 7 9 |  9.0
Poison Magic   | 3 4 5 6 7 |  7.0
Air Magic      | 2 5 |  5.0
Necromancy     | 7 9 11 | 11.9
Fighting       | 7 |  7.9
Hexes          | 4 |  4.0
Translocations | 3 |  3.0
Dodging        | |  1.5
Stealth        | |  1.5
Transmutations | |  0.7

Action                     |  1- 3 |  4- 6 |  7- 9 | 10-12 || total
---------------------------+-------+-------+-------+-------++-------
  Melee: Unarmed           |    11 |       |       |       ||    11
         Dagger            |    18 |    20 |     5 |       ||    43
         Punch             |     1 |       |       |       ||     1
         Long sword        |       |       |     6 |       ||     6
         Staff             |       |       |    37 |    49 ||    86
         Falchion          |       |       |     5 |       ||     5
  Throw: Javelin           |     1 |       |       |       ||     1
   Cast: Sting             |    80 |    29 |    10 |       ||   119
         Poisonous Vapours |     5 |       |     6 |       ||    11
         Olgreb's Toxic Ra |       |    19 |    50 |    74 ||   143
         Shock             |       |       |    39 |       ||    39
         Mephitic Cloud    |       |       |     2 |     3 ||     5
         Airstrike         |       |       |    43 |    50 ||    93
         Animate Dead      |       |       |     1 |    12 ||    13
         Vampiric Draining |       |       |       |     4 ||     4
         Anguish           |       |       |       |     3 ||     3
  Evoke: Wand              |       |       |       |     5 ||     5
    Use: Scroll            |       |     4 |     4 |     6 ||    14
   Stab: Distracted        |       |       |     1 |       ||     1
 Armour: Robe              |     7 |     3 |    11 |    27 ||    48
         Leather armour    |       |     2 |       |       ||     2
         Troll leather arm |       |       |       |     3 ||     3
  Dodge: Dodged            |    39 |    19 |    61 |    69 ||   188

Table legend: (Time is in decaauts)
 A = Elapsed time spent in this place.
 B = Non-inter-level travel time spent in this place.
 C = Inter-level travel time spent in this place.
 D = Time resting spent in this place.
 E = Time spent auto-exploring this place.
 F = Levels seen in this place.
 G = Mean time per level.
                   A        B        C        D        E       F      G
               +--------+--------+--------+--------+--------+-----+--------+
         Total |  14309 |  13807 |    502 |    729 |  10863 |  14 | 1022.1 |
       Dungeon |  13745 |  13266 |    479 |    673 |  10822 |  12 | 1145.4 |
        Temple |     75 |     53 |     22 |      0 |     41 |   1 |   75.0 |
      Gauntlet |    488 |    488 |      0 |     56 |      0 |   1 |  488.0 |
               +--------+--------+--------+--------+--------+-----+--------+

Top non-repeatable levels by time:
     D:5: 1587 daAuts
    D:10: 1522 daAuts
    D:11: 1458 daAuts
     D:1: 1403 daAuts
     D:6: 1397 daAuts
     D:4: 1356 daAuts
     D:9: 1192 daAuts
     D:7: 1160 daAuts
     D:8: 1039 daAuts
     D:3: 798 daAuts
     D:2: 785 daAuts
Gauntlet: 488 daAuts
  Temple: 75 daAuts
    D:12: 42 daAuts
